 Dungeon Crawl Stone Soup version 0.28.0 (webtiles) character file.

Game seed: 17554168758291990068

105 puppykicker the Chopper (level 4, -9/36 HPs)
             Began as a Hill Orc Arcane Marksman on Feb 10, 2022.
             Killed from afar by an orc wizard (10 damage)
             ... with a puff of flame
             ... on level 3 of the Dungeon.
             The game lasted 00:06:11 (1487 turns).

puppykicker the Chopper (Hill Orc Arcane Marksman)  Turns: 1487, Time: 00:06:11

Health: -9/36      AC:  8    Str: 14    XL:     4   Next: 81%
Magic:  5/5        EV: 10    Int: 13    God:
Gold:   62         SH:  0    Dex: 11    Spells: 4/5 levels left

rFire   . . .      SeeInvis .   a - +0 hand axe
rCold   . . .      Faith    .   (no shield)
rNeg    . . .      Spirit   .   c - +0 ring mail
rPois   .          Reflect  .   i - +0 helmet
rElec   .          Harm     .   (no cloak)
rCorr   .          Rampage  .   (no gloves)
Will    .....                   g - +1 pair of boots
Stlth   +.........              (no amulet)
HPRegen 0.12/turn               (no ring)
MPRegen 0.09/turn               (no ring)

@: mighty, brilliant
A: no striking features
a: no special abilities


You were on level 3 of the Dungeon.
You visited 1 branch of the dungeon, and saw 3 of its levels.

You collected 62 gold pieces.

Inventory:

Hand Weapons
 a - a +0 hand axe (weapon)
 b - a +0 hand crossbow
Missiles
 e - 11 poisoned darts
 Q - 44 bolts
Armour
 c - a +0 ring mail (worn)
 g - a +1 pair of boots (worn)
 i - a +0 helmet (worn)
Scrolls
 d - a scroll of blinking {unknown}
 f - a scroll of immolation {unknown}
Potions
 j - a potion of magic


   Skills:
 - Level 2.2 Fighting
 + Level 4.0 Axes
 - Level 2.8 Crossbows
 - Level 1.5 Dodging
 - Level 1.0 Spellcasting
 - Level 3.0 Hexes


You had 4 spell levels left.
You knew the following spells:

 Your Spells              Type           Power      Damage    Failure   Level
s - Slow                  Hex            48%        N/A       17%         1

Your spell library contained the following spells:

 Spells                   Type           Power      Damage    Failure   Level
 Inner Flame              Hex/Fire       6%         N/A       67%         3
 Portal Projectile        Hex/Tloc       12%        N/A       67%         3
 Cause Fear               Hex            6%         N/A       86%         4


Dungeon Overview and Level Annotations

Branches:
Dungeon (3/15)

Altars:


Message History

You bump into the rock wall.
You hear some strange, mumbled words.
A puff of flame appears from out of thin air!
The puff of flame hits you.
* * * LOW HITPOINT WARNING * * *
Something hits you.
* * * LOW HITPOINT WARNING * * *
You take 5 damage, and have 3/36 hp.
Unknown command.
It was a potion of magic.
Magic courses through your body. Something hits you.
* * * LOW HITPOINT WARNING * * *
Something hits you.
* * * LOW HITPOINT WARNING * * *
You take 2 damage, and have 1/36 hp.
It was a potion of might.
You feel very mighty all of a sudden.
Something hits you but does no damage. x2
It was a potion of brilliance.
You feel clever all of a sudden.
Something hits you but does no damage. x2
You are too confused!
Okay, then.
Sorry, you're not good enough to have a special ability.
Unknown command.
You slash something! You closely miss something.
You feel less confused.
You hear some strange, mumbled words.
Something tries to affect you, but you resist.
Something hits you but does no damage.
Unknown command.
You closely miss something. x2; Something hits you but does no damage.
You hear some strange, mumbled words.
Something tries to affect you, but you resist.
Unknown command.
You barely miss something. You miss something.
Something hits you but does no damage.
You hear some strange, mumbled words.
A puff of flame appears from out of thin air!
The puff of flame hits you!
You die...

...#.#... #... .
..#...#. ..#..# ..
#.....###...#.. #.
#.....#..#..... #
..#.....#...#....
...#.#...#.#.......
..#...#)#...#......
.....K{@{..........
#.....##..#..#####
##.## ###.#.## #.
##.....###.#
#.........#
#......#.##
#...#..#<#
##.###...#
##..#.###.##


You could see a kobold.

Levels and vault maps discovered:
D:1:      evilmike_arrival_hilbert_curve, layout_rooms,
          shapermc_ecumenical_altar_acropolis, minmay_pentomino_u2
D:2:      layout_rooms
D:3:      layout_loops_ring, jmf_multi_god_temple, minmay_splitting_lines,
          st_stairs_6

Notes
Turn   | Place    | Note
-------+----------+-------------------------------------------
     0 | D:1      | puppykicker the Hill Orc Arcane Marksman began the quest
                  | for the Orb.
     0 | D:1      | Reached XP level 1. HP: 16/16 MP: 2/2
    24 | D:1      | Identified a +0 club
    66 | D:1      | Identified a +0 club
    72 | D:1      | Reached skill level 2 in Crossbows
    82 | D:1      | Identified a +0 whip
    85 | D:1      | Identified a +0 ring mail
    88 | D:1      | Identified a +0 hand crossbow
   182 | D:1      | Identified a +0 trident
   209 | D:1      | Reached XP level 2. HP: 20/24 MP: 3/3
   212 | D:1      | Identified a +0 club
   279 | D:1      | Identified a +0 dagger
   298 | D:1      | Identified a +0 dagger
   305 | D:1      | Reached skill level 2 in Fighting
   319 | D:1      | Identified a +1 pair of boots
   479 | D:1      | Identified a +0 dagger
   497 | D:1      | Identified a +0 helmet
   534 | D:1      | Found a faded altar of an unknown god.
   593 | D:1      | Reached XP level 3. HP: 23/29 MP: 4/4
   763 | D:1      | Identified a +0 hand axe
   836 | D:2      | Reached skill level 1 in Axes
   959 | D:2      | Identified a +0 dagger
   979 | D:2      | Reached skill level 2 in Axes
   988 | D:2      | Reached XP level 4. HP: 21/36 MP: 5/5
  1152 | D:2      | Identified a +0 plate armour
  1164 | D:2      | Identified a +0 club
  1170 | D:2      | Reached skill level 3 in Axes
  1189 | D:2      | Identified a +0 club
  1249 | D:2      | Identified a +0 whip
  1347 | D:2      | Identified a +2 short sword of draining
  1459 | D:3      | Identified a +0 whip
  1461 | D:3      | Identified a +0 dagger
  1461 | D:3      | Identified a +0 robe
  1462 | D:3      | Identified a +0 short sword
  1463 | D:3      | Identified a +0 short sword
  1463 | D:3      | Identified a +0 dagger
  1463 | D:3      | Identified a +0 robe
  1475 | D:3      | Reached skill level 4 in Axes
  1480 | D:3      | HP: 8/36 [something/puff of flame (9)]
  1481 | D:3      | HP: 3/36 [something (4)]
  1482 | D:3      | Identified 2 potions of magic
  1482 | D:3      | HP: 1/36 [something (1)]
  1483 | D:3      | Identified a potion of might
  1484 | D:3      | Identified a potion of brilliance
  1487 | D:3      | Killed from afar by an orc wizard

Table legend: (Time is in decaauts)
 A = Elapsed time spent in this place.
 B = Non-inter-level travel time spent in this place.
 C = Inter-level travel time spent in this place.
 D = Time resting spent in this place.
 E = Time spent auto-exploring this place.
 F = Levels seen in this place.
 G = Mean time per level.
                   A        B        C        D        E       F      G
               +--------+--------+--------+--------+--------+-----+--------+
         Total |   1532 |   1458 |     74 |    462 |    547 |   3 |  510.7 |
       Dungeon |   1532 |   1458 |     74 |    462 |    547 |   3 |  510.7 |
               +--------+--------+--------+--------+--------+-----+--------+

Top non-repeatable levels by time:
     D:1: 780 daAuts
     D:2: 689 daAuts
     D:3: 62 daAuts

Table legend:
 A = Kills in this place as a percentage of kills in entire the game.
 B = Kills by you in this place as a percentage of kills by you in the entire game.
 C = Kills by friends in this place as a percentage of kills by friends in the entire game.
 D = Other kills in this place as a percentage of other kills in the entire game.
 E = Experience gained in this place as a percentage of experience gained in the entire game.
 F = Experience gained in this place divided by the number of levels of this place that you have seen.
                   A       B       C       D       E      F
               +-------+-------+-------+-------+-------+----------------------
         Total | 100.0 | 100.0 |   N/A |   N/A | 100.0 |  50.0
       Dungeon | 100.0 | 100.0 |   N/A |   N/A | 100.0 |  50.0
               +-------+-------+-------+-------+-------+----------------------

Skill      XL: |  1  2  3  4 |
---------------+-------------+-----
Crossbows      | 2 |  2.8
Fighting       | 2 |  2.2
Axes           | 2 4 |  4.0
Dodging        | |  1.5
Spellcasting   | |  1.0
Hexes          | |  3.0

Action                   |  1- 3 |  4- 6 || total
-------------------------+-------+-------++-------
Melee: Whip              |     7 |       ||     7
       Trident           |    74 |       ||    74
       Hand axe          |    39 |    86 ||   125
       Punch             |     1 |       ||     1
 Fire: Hand crossbow     |    10 |       ||    10
  Use: Potion            |       |     3 ||     3
Armor: Robe              |    11 |       ||    11
       Ring mail         |    69 |    64 ||   133
Dodge: Dodged            |    88 |    42 ||   130

Vanquished Creatures
  4 adders (D:2)
  A worm (D:2)
  A dart slug (D:2)
  2 orcs (D:3)
  5 endoplasms (D:2)
  A giant cockroach (D:2)
  6 hobgoblins
  7 jackals
  6 kobolds
  2 quokkas
  5 ball pythons
  3 bats
  4 frilled lizards
  5 goblins
  7 rats
59 creatures vanquished.
